AoeStats
← Crazy Finger

Fortress

510175097Analyzed
3v3 RM · 24h ago on Sep 29, 2026· 40m 36s· 6 players
Game mode
Random Map
Map size
Large (8 player)
Population
200
Speed
Normal
Resources
Standard
Victory
Conquest
Starting age
Dark Age
Ending age
Imperial Age
RankedLock teamsTeams togetherTeam positionsShared explorationLock speedFull tech treeHidden civsTurbo modeCheats
Victory
Defeat
🇹🇷 Turks · Türkiye
1063
+15
🇹🇷 Gurjaras · Türkiye
1060
+15
🇺🇸 Franks · United States
1055
+16
🇪🇸 Celts · Spain
1095
-18
🇪🇸 Mongols · Spain
1045
-44
🇪🇸 Vietnamese · Spain
997
-13
Earlos
8:34 Feudal Age
9:12 Horse Collar
9:46 Double-Bit Axe
9:59 Gold Mining
12:50 Castle Age
10:54 Loom
13:51 Heavy Plow
14:23 Bow Saw
16:42 Stone Mining
18:32 Wheelbarrow
19:26 Fervor
19:59 Hand Cart
20:41 Crossbowman
21:13 Fletching
22:56 Scale Mail Armor
23:06 Forging
23:36 Gold Shaft Mining
24:19 Chain Mail Armor
28:46 Imperial Age
26:55 Scale Barding Armor
27:25 Iron Casting
27:34 Stone Shaft Mining
29:14 Onager
29:39 Pikeman
30:05 Arson
30:56 Town Watch
30:39 Halberdier
32:28 Plate Mail Armor
32:59 Blast Furnace
32:16 Furor Celtica
32:28 Conscription
32:06 Gambesons
32:23 Siege Onager
35:04 Chemistry
34:24 Ballistics
34:00 Murder Holes
34:15 Masonry
36:30 Heavy Scorpion
38:40 Cavalier
39:21 Husbandry
Crazy Finger
0:53 Loom
7:35 Feudal Age
6:42 Loom
9:01 Loom
11:20 Castle Age
9:41 Fletching
9:42 Horse Collar
9:52 Double-Bit Axe
10:18 Fletching
13:02 Loom
14:25 Bow Saw
15:18 Bodkin Arrow
17:17 Heavy Plow
18:21 Ballistics
17:54 Town Watch
18:58 Wheelbarrow
18:19 Town Watch
21:59 Hand Cart
27:32 Imperial Age
25:18 Squires
25:04 Arson
25:14 Pikeman
27:19 Scale Mail Armor
27:30 Forging
27:43 Halberdier
28:43 Chain Mail Armor
28:23 Elite Rattan Archer
32:23 Two-Man Saw
31:45 Fortified Wall
32:37 Chemistry
32:59 Bracer
33:06 Scale Barding Armor
33:31 Plate Mail Armor
33:05 Padded Archer Armor
36:24 Iron Casting
36:06 Leather Archer Armor
35:59 Scale Barding Armor
35:57 Chatras
37:19 Bloodlines
37:10 Husbandry
37:44 Elite Battle Elephant
jmbalanya97
6:18 Loom
8:37 Feudal Age
10:28 Double-Bit Axe
10:25 Horse Collar
11:23 Wheelbarrow
10:34 Loom
10:41 Gold Mining
10:42 Stone Mining
14:51 Castle Age
14:45 Bloodlines
14:30 Fletching
14:46 Scale Barding Armor
14:42 Padded Archer Armor
16:55 Bow Saw
17:42 Heavy Plow
19:04 Gold Shaft Mining
19:06 Stone Shaft Mining
19:37 Hand Cart
28:18 Bodkin Arrow
28:35 Thumb Ring
28:33 Husbandry
32:25 Chain Barding Armor
33:11 Leather Archer Armor
36:28 Ballistics
38:55 Coinage
(DB) Ezdur
3:57 Loom
9:11 Feudal Age
10:10 Double-Bit Axe
12:51 Castle Age
10:40 Horse Collar
11:27 Gold Mining
14:11 Bow Saw
17:17 Wheelbarrow
18:16 Fervor
22:03 Imperial Age
23:10 Conscription
28:13 Hand Cart
28:24 Padded Archer Armor
28:41 Town Watch
30:02 Elite Janissary
32:32 Two-Man Saw
31:40 Heavy Plow
33:48 Leather Archer Armor
34:31 Artillery
34:45 Scale Barding Armor
35:11 Ring Archer Armor
34:52 Forging
38:16 Husbandry
38:27 Bloodlines
38:51 Caravan
39:07 Fletching
39:38 Chain Barding Armor
39:54 Iron Casting
(DB) Eydur
9:40 Feudal Age
13:34 Castle Age
11:34 Gold Mining
11:27 Horse Collar
11:34 Double-Bit Axe
21:16 Fletching
21:26 Padded Archer Armor
24:36 Bodkin Arrow
24:56 Leather Archer Armor
26:47 Loom
27:38 Wheelbarrow
29:24 Bow Saw
31:53 Hand Cart
31:24 Town Watch
33:46 Thumb Ring
michaelarendash
7:06 Feudal Age
7:39 Double-Bit Axe
11:50 Castle Age
12:43 Bow Saw
13:27 Loom
14:20 Wheelbarrow
24:44 Imperial Age
22:41 Forging
22:05 Light Cavalry
23:22 Husbandry
23:58 Scale Barding Armor
24:58 Gold Mining
25:00 Cavalier
26:04 Conscription
27:42 Iron Casting
27:28 Fletching
27:39 Padded Archer Armor
27:51 Stone Mining
30:30 Paladin
32:12 Hand Cart
33:32 Chain Barding Armor
35:06 Plate Barding Armor
35:32 Blast Furnace
35:43 Elite Throwing Axeman
Connection lost

Rejoining the realm…

Still unreachable

The connection could not be restored.

Session expired

The server has moved on; the page needs a fresh start.